 Dungeon Crawl Stone Soup version 0.30-b1-2-g02819fbbbe (webtiles) character file.

Game seed: 1911140947501233646

2329 Alarkh the Martial Artist (level 9, 0/54 HPs)
             Began as a Demonspawn Warper on May 27, 2023.
             Was a Believer of Uskayaw.
             Slain by a hornet (13 damage)
             ... on level 7 of the Dungeon.
             The game lasted 00:11:18 (7760 turns).

Alarkh the Martial Artist (Demonspawn Warper)       Turns: 7760, Time: 00:11:18

Health: 0/54       AC:  6    Str: 17    XL:     9   Next: 19%
Magic:  12/12      EV: 11    Int: 23    God:    Uskayaw [**....]
Gold:   321        SH:  4    Dex: 11    Spells: 12/12 levels left

rFire   . .          .
                       - Unarmed
rCold   . . .        x - +0 buckler
rNeg    . . .        a - +0 leather armour
rPois   .            u - +0 helmet
rElec   .            (no cloak)
rCorr   .            D - +1 pair of gloves
SInv    .            (no boots)
Will    .....        k - amulet of the acrobat
Stlth   +            A - +6 ring of strength
HPRegen 0.29/turn    (no ring)
MPRegen 0.13/turn

%: acrobat
@: slowed, very slow
A: claws 2, powered by pain 2, clever 1, frail 1
a: Renounce Religion, Stomp, Line Pass


You were on level 7 of the Dungeon.
You worshipped Uskayaw.
Uskayaw was noncommittal.
You visited 2 branches of the dungeon, and saw 8 of its levels.

You collected 482 gold pieces.
You spent 161 gold pieces at shops.

Inventory:

Hand Weapons
 b - a +2 sling of draining
Missiles
 c - 4 boomerangs of dispersal (quivered)
 m - 6 boomerangs
Armour
 a - a +0 leather armour (worn)
 u - a +0 helmet (worn)
 x - a +0 buckler (worn)
 D - a +1 pair of gloves (worn)
Magical Staves
 p - a staff of poison
Jewellery
 k - an amulet of the acrobat (around neck)
 A - a +6 ring of strength (left hand)
Wands
 z - a wand of polymorph (13)
Scrolls
 f - a scroll of fog {unknown}
 i - a scroll of immolation
 j - a scroll of vulnerability {unknown}
 l - 4 scrolls of teleportation
 n - a scroll of amnesia {unknown}
 o - a scroll of fear
 r - a scroll of identify
 s - a scroll of blinking
 t - a scroll of enchant weapon
 y - a scroll of noise
 C - a scroll of magic mapping
Potions
 d - a potion of curing
 e - a potion of might
 g - 2 potions of ambrosia
 h - 2 potions of attraction
 q - 2 potions of degeneration
 w - 2 potions of haste


   Skills:
 - Level 2.0 Fighting
 - Level 0.8 Throwing
 - Level 0.8 Armour
 - Level 1.7 Dodging
 - Level 4.0 Shields
 * Level 10.6 Unarmed Combat
 - Level 2.0 Spellcasting
 - Level 2.6 Translocations


You had 12 spell levels left.
You didn't know any spells.
Your spell library contained the following spells:

 Spells                   Type           Power      Damage    Failure   Level
 Blink                    Tloc           28%        N/A       10%         2
 Lesser Beckoning         Tloc           28%        N/A       10%         2
 Magic Dart               Conj           8%         1d3       21%         1
 Summon Small Mammal      Summ           8%         N/A       21%         1
 Teleport Other           Tloc           14%        N/A       21%         3
 Call Imp                 Summ           4%         N/A       30%         2
 Vhi's Electric Charge    Tloc/Air       16%        N/A       34%         3
 Call Canine Familiar     Summ           2%         N/A       52%         3
 Mephitic Cloud           Conj/Pois/Air  2%         N/A       52%         3
 Summon Guardian Golem    Hex/Summ       2%         N/A       52%         3
 Manifold Assault         Tloc           14%        N/A       54%         4
 Animate Dead             Necr           2%         N/A       89%         4
 Borgnjor's Vile Clutch   Necr/Erth      1%         N/A       99%         5
 Death Channel            Necr           1%         N/A       100%        6


Dungeon Overview and Level Annotations

Branches:
Dungeon (7/15)             Temple (1/1) D:4

Altars:
Ashenzari
Dithmenos
Fedhas
Gozag
Hepliaklqana
Makhleb
Nemelex Xobeh
Okawaru
Ru
Sif Muna
Trog
Uskayaw
Vehumet
Wu Jian
Yredelemnul

Shops:
D:1 [   D:3 (   D:7 *

Annotations:
D:3 1 runed translucent door, Amon001's ghost, amateur MeFi
D:6 3 runed translucent doors, ThomasProcell's ghost, novice MiFi


Innate Abilities, Weirdness & Mutations

You have very sharp fingernails.
You sometimes gain power by taking damage.
Your mind is acute. (Int +4, Str/Dex -1)
You are frail. (-10% HP)


Message History

Okay, then.
Aiming: Polymorph
Press: ? - help, Shift-Dir - straight line, f - hornet
Aim: a hornet (will become a harpy, a rime drake, or a queen bee, chance to affect: 39%)
The hornet resists with some effort.
You barely miss the hornet. The hornet stings you.
You feel yourself slow down.
You punch the hornet!
The hornet is moderately wounded.
The hornet stings you!
You feel as though you will be slow longer.
The hornet stings you!
You feel as though you will be slow longer.
You hit the hornet.
The hornet is heavily wounded.
The hornet closely misses you. The hornet barely misses you.
You punch the hornet!
The hornet is almost dead.
The hornet stings you!
You feel as though you will be slow longer.
You can now pass through a line of other dancers.
You are too injured to fight recklessly!
You hit the hornet but do no damage.
The hornet is almost dead.
The hornet stings you.
You feel as though you will be slow longer.
The hornet stings you!
* * * LOW HITPOINT WARNING * * *
You are lethally poisoned!
You suddenly lose the ability to move!
You can move again.
You feel better. The hornet stings you.
* * * LOW HITPOINT WARNING * * *
You feel as though you will be slow longer.
The hornet stings you.
* * * LOW HITPOINT WARNING * * *
You feel as though you will be slow longer.
You feel much better. The hornet stings you.
* * * LOW HITPOINT WARNING * * *
You shrug off the repeated paralysis!
The hornet stings you!
You die...

##### ##########...#
########## #.......##...#
#........#
#>.......#...###.######.#
###..####..........# #.#
#..............∩...######.#
#.#..####..............##.#
#.#........#..y###.###.##.#
#.##.#####...@..##.###.##.#
#.##.......#...###...<....#
####.###########.##
#####.#### ......# #.# #)#
.###..# #.# #.# .# #..#
##'## #.# .###..# ##...##
#.##### .##...## ##.....##
#.....# ...#...##
##.......## ##.##.#


You could see a hornet.

Vanquished Creatures
  6 yaks
  A water moccasin (D:5)
  An ice beast (D:5)
  3 black bears
  A bullfrog (D:7)
  2 scorpions (D:6)
  2 howler monkeys
  A jelly (D:6)
  An orc priest (D:4)
  5 hounds
  4 iguanas (D:5)
  3 orc wizards (D:4)
  A sleepcap (D:5)
  Robin (D:4)
  12 gnolls
  7 adders
  An ufetubus (D:5)
  3 worms (D:2)
  2 dart slugs
  18 orcs
  6 ball pythons
  10 endoplasms
  2 giant cockroaches
  7 hobgoblins
  2 jackals (D:3)
  5 quokkas
  4 bats
  7 frilled lizards
  12 goblins
  8 kobolds
  6 rats
144 creatures vanquished.

Vanquished Creatures (others)
  A goblin (D:4)
  5 fungi (D:5)
  7 plants
  5 toadstools (D:5)
  4 withered plants (D:7)
22 creatures vanquished.

Grand Total: 166 creatures vanquished

Notes
Turn   | Place    | Note
-------+----------+-------------------------------------------
     0 | D:1      | Alarkh the Demonspawn Warper began the quest for the Orb.
     0 | D:1      | Reached XP level 1. HP: 16/16 MP: 3/3
   103 | D:1      | Reached skill level 2 in Unarmed Combat
   103 | D:1      | Found Ossugoisi's Armour Shop.
   229 | D:1      | Gained mutation: You have sharp fingernails. [demonic
                  | ancestry]
   229 | D:1      | Reached XP level 2. HP: 19/22 MP: 5/5
   687 | D:1      | Reached skill level 3 in Unarmed Combat
   990 | D:2      | Reached XP level 3. HP: 27/27 MP: 6/6
  1383 | D:2      | Reached skill level 4 in Unarmed Combat
  1383 | D:2      | Gained mutation: You sometimes gain a little power by
                  | taking damage. [demonic ancestry]
  1383 | D:2      | Reached XP level 4. HP: 23/33 MP: 7/7
  2237 | D:3      | Found Kamib's Weapon Shop.
  2246 | D:3      | Bought a +2 sling of draining for 161 gold pieces
  2472 | D:3      | Found a runed translucent door.
  2503 | D:3      | Reached XP level 5. HP: 38/38 MP: 8/8
  2654 | D:3      | Noticed Amon001's ghost (amateur MeFi)
  2860 | D:4      | Noticed Robin
  3027 | D:3      | Reached skill level 5 in Unarmed Combat
  3151 | D:4      | Killed Robin
  3161 | D:4      | Noticed a black bear
  3171 | D:4      | Killed a black bear
  3368 | D:3      | Reached XP level 6. HP: 24/44 MP: 9/9
  3742 | D:4      | Reached skill level 6 in Unarmed Combat
  3742 | D:4      | Found a staircase to the Ecumenical Temple.
  3758 | Temple   | Entered the Ecumenical Temple
  3952 | Temple   | Became a worshipper of Uskayaw the Reveller
  4114 | D:4      | Found an ornate altar of the Wu Jian Council.
  4164 | D:4      | Reached * piety under Uskayaw
  4211 | D:4      | Reached ** piety under Uskayaw
  4490 | D:4      | Reached skill level 1 in Shields
  4880 | D:4      | Found a radiant altar of Vehumet.
  4880 | D:4      | Found a blossoming altar of Fedhas.
  4893 | D:4      | Found a basalt altar of Yredelemnul.
  4896 | D:4      | Found an iron altar of Okawaru.
  4929 | D:5      | Entered Level 5 of the Dungeon
  4929 | D:5      | Noticed a yak
  4929 | D:5      | Noticed a yak
  4929 | D:5      | Noticed a yak
  4929 | D:5      | Noticed a yak
  4929 | D:5      | Noticed a yak
  4929 | D:5      | Noticed a yak
  4929 | D:5      | Noticed a water moccasin
  4963 | D:3      | Gained mutation: Your mind is acute. (Int +4, Str/Dex -1)
                  | [potion of mutation]
  4963 | D:3      | Gained mutation: You are frail. (-10% HP) [potion of
                  | mutation]
  4966 | D:3      | Reached *** piety under Uskayaw
  4967 | D:3      | Killed a yak
  4968 | D:3      | Reached XP level 7. HP: 6/45 MP: 10/10
  5134 | D:4      | Killed a yak
  5135 | D:4      | Reached skill level 7 in Unarmed Combat
  5351 | D:5      | Found a hazy altar of Hepliaklqana.
  5520 | D:5      | Gained mutation: You sometimes gain power by taking damage.
                  | [demonic ancestry]
  5520 | D:5      | Reached XP level 8. HP: 50/50 MP: 11/11
  5577 | D:5      | Reached skill level 8 in Unarmed Combat
  5867 | D:5      | Reached **** piety under Uskayaw
  5868 | D:5      | Reached skill level 9 in Unarmed Combat
  5870 | D:5      | Reached ***** piety under Uskayaw
  6752 | D:6      | Reached skill level 10 in Unarmed Combat
  6920 | D:6      | Gained mutation: You have very sharp fingernails. [demonic
                  | ancestry]
  6920 | D:6      | Reached XP level 9. HP: 51/54 MP: 12/12
  7558 | D:6      | Found a runed translucent gate.
  7558 | D:6      | Found a runed translucent gate.
  7558 | D:6      | Found a runed translucent gate.
  7563 | D:6      | Noticed ThomasProcell's ghost (novice MiFi)
  7594 | D:7      | Found Enecwume's Assorted Antiques.
  7758 | D:7      | Paralysed by a hornet for 1 turns
  7760 | D:7      | Slain by a hornet

Illustrated notes

Levels and vault maps discovered:
D:1:      evilmike_arrival_crescent, layout_basic, serial_shops, shop,
          chequers_big_river
D:2:      layout_basic, kennysheep_boxes
D:3:      layout_basic, serial_shops, shop, gammafunk_ghost_grave,
          dk_noncrumbling_3
D:4:      layout_cave_pools, mainiacjoe_overflow_small_starburst,
          minmay_overflow_temple_star_hex, minmay_temple_entry_gardened_gates,
          grunt_ministairs_15, uniq_robin
D:5:      layout_cave_pools, nicolae_hepliaklqana_hazy_memory, serial_bayou,
          serial_bayou_ford_a, serial_bayou_crossing, serial_bayou_pond_e,
          serial_bayou_lagoon_b, palyth_stone_intersect,
          nicolae_concentric_dashed_squares_wild, minmay_gold_behind_fungi
D:6:      layout_basic, lemuel_doored_altar, gammafunk_ghost_necromancy
D:7:      layout_loops_corners, gammafunk_ghost_cemetery, serial_shops, shop
Temple:   nicolae_temple_bog_church

Skill      XL: |  1  2  3  4  5  6  7  8 |
---------------+-------------------------+-----
Unarmed Combat | 2 3 4 5 6 7 10 | 10.6
Shields        | 1 3 4 |  4.0
Fighting       | |  2.0
Throwing       | |  0.8
Armour         | |  0.8
Dodging        | |  1.7
Spellcasting   | |  2.0
Translocations | |  2.6

Action                     |  1- 3 |  4- 6 |  7- 9 || total
---------------------------+-------+-------+-------++-------
  Melee: Unarmed           |   139 |   228 |   232 ||   599
         Punch             |     2 |     5 |       ||     7
   Fire: Sling             |       |    24 |    32 ||    56
  Throw: Boomerang         |       |     2 |     1 ||     3
  Evoke: Wand              |       |       |     1 ||     1
    Use: Scroll            |     1 |     7 |     4 ||    12
         Potion            |     1 |     4 |     4 ||     9
   Stab: Sleeping          |     1 |     1 |       ||     2
         Paralysed         |       |       |     3 ||     3
         Distracted        |       |       |     1 ||     1
 Armour: Leather armour    |    38 |    71 |    44 ||   153
  Dodge: Dodged            |    83 |   136 |   144 ||   363
  Block: Buckler           |       |     7 |    39 ||    46
